AoeStats
← Pwncakes

Pilgrims

510136576Analyzed
3v3 RM · 2d ago on Sep 29, 2026· 37m 43s· 6 players
Game mode
Random Map
Map size
Normal (6 player)
Population
200
Speed
Normal
Resources
Standard
Victory
Conquest
Starting age
Dark Age
Ending age
Imperial Age
RankedLock teamsTeams togetherTeam positionsShared explorationLock speedFull tech treeHidden civsTurbo modeCheats
Victory
Defeat
🇵🇱 Jurchens · Poland
1398
+12
🇵🇱 Tatars · Poland
1361
+14
🇵🇱 Mapuche · Poland
1242
+19
🇺🇸 Jurchens · United States
1388
-18
🇨🇭 Italians · Switzerland
1276
-14
🇦🇷 Magyars · Argentina
1267
-13
GwizdeK
4:32 Loom
12:32 Feudal Age
13:24 Double-Bit Axe
14:23 Town Watch
17:02 Castle Age
15:39 Wheelbarrow
18:26 Bow Saw
18:00 Horse Collar
19:09 Medium Warships
20:56 Hand Cart
24:59 Imperial Age
22:45 Town Patrol
25:30 Scale Mail Armor
25:41 Forging
25:52 Fletching
26:14 Forging
26:33 Chain Mail Armor
26:44 Man-at-Arms
27:09 Gambesons
27:25 Squires
27:11 Arson
28:06 Iron Casting
28:18 Conscription
28:02 Fortified Bastions
31:12 Blast Furnace
30:50 Treadmill Crane
31:35 Ballistics
34:40 Bodkin Arrow
scamavii
7:42 Loom
11:43 Feudal Age
12:37 Double-Bit Axe
13:32 Fletching
14:39 Town Watch
15:07 Horse Collar
19:26 Castle Age
18:28 Padded Archer Armor
19:34 Crossbowman
20:10 Bodkin Arrow
22:23 Ballistics
24:14 Gold Mining
24:38 Bow Saw
33:54 Bloodlines
33:45 Husbandry
40:34 Imperial Age
WELL-pack
11:03 Feudal Age
15:12 Castle Age
13:01 Double-Bit Axe
13:19 Scale Mail Armor
13:20 Padded Archer Armor
16:02 Fletching
16:01 Loom
20:14 Fletching
23:13 Horse Collar
25:34 Wheelbarrow
25:50 Fishing Lines
27:47 Bodkin Arrow
29:51 Bow Saw
29:48 Gold Mining
32:07 Padded Archer Armor
33:17 Wheelbarrow
34:14 Leather Archer Armor
38:56 Imperial Age
38:00 Ballistics
Pwncakes
6:16 Loom
12:17 Feudal Age
13:24 Gold Mining
13:19 Double-Bit Axe
15:10 Fletching
18:26 Castle Age
18:10 Padded Archer Armor
17:58 Fishing Lines
19:34 Leather Archer Armor
19:57 Bow Saw
20:41 Gold Shaft Mining
21:24 Wheelbarrow
21:48 Gillnets
22:56 Medium Warships
27:48 Forging
28:40 Hand Cart
28:22 Stone Mining
28:28 Town Watch
28:37 Horse Collar
30:25 Heavy Plow
33:09 Iron Casting
35:46 Imperial Age
34:38 Guard Tower
34:54 Siege Engineers
34:42 Guard Tower
35:12 Ballistics
35:15 Treadmill Crane
35:46 Masonry
40:10 Imperial Age
rloy
9:34 Loom
11:48 Feudal Age
16:18 Castle Age
16:54 Double-Bit Axe
16:57 Town Watch
17:20 Scale Barding Armor
19:57 Chain Barding Armor
20:45 Fletching
22:49 Bodkin Arrow
23:03 Horse Collar
28:32 Bow Saw
29:59 Wheelbarrow
33:14 Imperial Age
36:43 Plate Barding Armor
fear the lamb
10:56 Feudal Age
15:40 Castle Age
15:19 Double-Bit Axe
15:23 Fishing Lines
16:55 Bow Saw
23:43 Horse Collar
24:21 Elite Skirmisher
25:46 Padded Archer Armor
29:35 Gold Mining
29:37 Stone Mining
30:26 Heavy Plow
32:28 Stone Shaft Mining
36:16 Crossbowman
37:02 Thumb Ring
36:54 Fletching
Connection lost

Rejoining the realm…

Still unreachable

The connection could not be restored.

Session expired

The server has moved on; the page needs a fresh start.